 Dungeon Crawl Stone Soup version 0.22.1-1-ga44c0e56f4 (webtiles) character file.

727 PikkenKukken the Grasshopper (level 7, -5/56 HPs)
             Began as a Gnoll Warper on Oct 3, 2018.
             Slain by a howler monkey (7 damage)
             ... on level 4 of the Dungeon.
             The game lasted 00:09:57 (3503 turns).

PikkenKukken the Grasshopper (Gnoll Warper)         Turns: 3503, Time: 00:09:57

Health: -5/56      AC:  4    Str: 12 (14) XL:     7   Next: 72%
Magic:  10/15      EV: 15    Int: 18      God:
Gold:   137        SH:  0    Dex: 15      Spells: 13/17 levels left

rFire    . . .     SeeInvis .   a - +0 mace
rCold    . . .     Gourm    .   (no shield)
rNeg     . . .     Faith    .   h - +0 leather armour
rPois    .         Spirit   .   (no helmet)
rElec    +         Reflect  .   l - +0 cloak
rCorr    .         Harm     .   (no gloves)
MR       .....     Rnd*Tele +   (no boots)
Stlth    ++........             (no amulet)
HPRegen  0.18/turn              x - ring of teleportation (curse)
MPRegen  0.14/turn              z - +2 ring of intelligence

@: no status effects
A: distributed training, fangs 1, talons 1, deterioration 1, mutation resistance
1, electricity resistance, strong nose
a: no special abilities


You were on level 4 of the Dungeon.
You were not hungry.

You visited 1 branch of the dungeon, and saw 4 of its levels.

You collected 137 gold pieces.

Inventory:

Hand Weapons
 a - a +0 mace (weapon)
 b - a +0 hunting sling
Missiles
 m - 71 sling bullets
 o - 7 tomahawks (quivered)
Armour
 h - a +0 leather armour (worn)
 l - a +0 cloak (worn)
Jewellery
 x - a cursed ring of teleportation (left hand)
 z - a +2 ring of intelligence (right hand)
Wands
 r - a wand of flame (38)
 u - a wand of random effects (8)
Scrolls
 c - 4 scrolls of remove curse
 d - a scroll of blinking
 i - 2 scrolls of amnesia
 p - a scroll of magic mapping
 q - a scroll of identify
 s - a scroll of fog
 y - a scroll of teleportation
Potions
 e - a potion of mutation
 g - 2 potions of magic {unknown}
 j - a potion of heal wounds {unknown}
 k - a potion of might {unknown}
 n - a potion of haste {unknown}
 t - a potion of curing
 w - a potion of lignification {unknown}
Comestibles
 f - 13 rations
 v - 8 chunks of flesh


   Skills:
 + Level 5.3 Fighting
 + Level 2.6 Short Blades
 + Level 2.6 Long Blades
 + Level 2.6 Axes
 + Level 5.3 Maces & Flails
 + Level 2.6 Polearms
 + Level 2.6 Staves
 + Level 2.6 Slings
 + Level 2.6 Bows
 + Level 2.6 Crossbows
 + Level 3.7 Throwing
 + Level 3.7 Armour
 + Level 5.3 Dodging
 + Level 2.6 Stealth
 + Level 2.6 Shields
 + Level 2.6 Unarmed Combat
 + Level 5.7 Spellcasting
 + Level 2.1 Conjurations
 + Level 2.1 Hexes
 + Level 2.1 Charms
 + Level 2.1 Summonings
 + Level 2.1 Necromancy
 + Level 5.9 Translocations
 + Level 2.1 Transmutations
 + Level 2.1 Fire Magic
 + Level 2.1 Ice Magic
 + Level 2.1 Air Magic
 + Level 2.1 Earth Magic
 + Level 2.1 Poison Magic
 + Level 2.9 Invocations
 + Level 2.6 Evocations


You had 13 spell levels left.
You knew the following spells:

 Your Spells              Type           Power        Failure   Level  Hunger
a - Blink                 Tloc           N/A          1%          2    None
b - Shroud of Golubria    Chrm/Tloc      ###.......   4%          2    None

Your spell library contained the following spells:

 Spells                   Type           Power        Failure   Level  Hunger
 Gell's Gravitas          Tloc           ####......   4%          3    ##.....
 Lesser Beckoning         Tloc           ####......   4%          3    ##.....
 Teleport Other           Tloc           ####....     4%          3    ##.....
 Passage of Golubria      Tloc           N/A          14%         4    ####...


Dungeon Overview and Level Annotations

Branches:
Dungeon (4/15)
 Temple: D:4-7

Altars:
Vehumet
Xom
Zin

Shops:
D:4 %

Annotations:
D:3 2 transporters, SpeedDemon's ghost, amateur BaBe


Innate Abilities, Weirdness & Mutations

Your experience applies equally to all skills.
You have very sharp teeth.
Your uncanny sense of smell can sniff out nearby items.
You have sharp toenails.
Your body sometimes deteriorates upon taking damage.
You are somewhat resistant to further mutation.
You are resistant to electric shocks. (rElec)


Message History

The hound closely misses you.
You closely miss the hound.
The hound is almost dead.
The howler monkey completely misses you.
The hound completely misses you. The hound closely misses you.
The hound bites you but does no damage. The howler monkey hits you!
* * * LOW HITPOINT WARNING * * *
Your body deteriorates!
You feel weakened.
You hit the hound but do no damage.
The hound is almost dead.
The hound closely misses you. The hound misses you.
You sock the hound!
You kill the hound!
You barely miss the howler monkey.
The howler monkey is heavily wounded.
The howler monkey hits you!
* * * LOW HITPOINT WARNING * * *
The howler monkey hits you!
You die...

##.....#########.#.##.#.#.#.#.#.#
#..............#.#.#.#.#.#.#.#.#.
#.############.#.#.##.#.#.#.#.#.#
#.# #.#.#.#.#.#.#.#.#. #.#
#.#.##.#.#.#.#.#.# #.#
#.#.#.#.#.#.#.#)#. #.#
#...##.#.#.#.#.#.# #.# #######
#.#.....#.#.#.#.#.#. #.###)....#
#.#@####.#.#.#.#.#.# ..........#
#.#h#######..####### ..........#
#.#...........)..).. ..........#
#.#.......#..#...### ......#####
#.#...............## #.#..<#
#.######.###h#####.#
#.#.##########...........##$.$##.
#.#............#######.#.# ...[#.
#.############.# #.#.# $.(.#.


You could see a howler monkey.

Vanquished Creatures
  A hippogriff (D:3)
  2 ogres
  A howler monkey (D:4)
  4 hounds
  An orc wizard (D:4)
  An iguana (D:4)
  3 gnolls (D:2)
  4 adders
  3 shadow imps (D:4)
  An ooze (D:2)
  2 worms
  2 dart slugs
  A leopard gecko (D:1)
  8 orcs
  5 giant cockroaches
  6 goblins
  4 hobgoblins (D:3)
  A jackal (D:4)
  8 kobolds
  2 quokkas
  A ball python (D:3)
  2 bats (D:1)
  4 frilled lizards
  A jackal skeleton (D:4)
  4 rats
72 creatures vanquished.

Notes
Turn   | Place    | Note
-------+----------+-------------------------------------------
     0 | D:1      | PikkenKukken the Gnoll Warper began the quest for the Orb.
     0 | D:1      | Reached XP level 1. HP: 20/20 MP: 6/6
   109 | D:1      | Reached XP level 2. HP: 26/26 MP: 7/7
   589 | D:1      | Learned a level 2 spell: Blink
   592 | D:1      | Learned a level 2 spell: Shroud of Golubria
   759 | D:2      | Noticed an ogre
   772 | D:2      | Killed an ogre
   772 | D:2      | Reached skill level 1 in Short Blades
   772 | D:2      | Reached skill level 1 in Long Blades
   772 | D:2      | Reached skill level 1 in Axes
   772 | D:2      | Reached skill level 1 in Polearms
   772 | D:2      | Reached skill level 1 in Staves
   772 | D:2      | Reached skill level 1 in Slings
   772 | D:2      | Reached skill level 1 in Bows
   772 | D:2      | Reached skill level 1 in Crossbows
   772 | D:2      | Reached skill level 1 in Stealth
   772 | D:2      | Reached skill level 1 in Shields
   772 | D:2      | Reached skill level 1 in Unarmed Combat
   772 | D:2      | Reached skill level 5 in Spellcasting
   772 | D:2      | Reached skill level 1 in Conjurations
   772 | D:2      | Reached skill level 1 in Hexes
   772 | D:2      | Reached skill level 1 in Charms
   772 | D:2      | Reached skill level 1 in Summonings
   772 | D:2      | Reached skill level 1 in Necromancy
   772 | D:2      | Reached skill level 1 in Transmutations
   772 | D:2      | Reached skill level 1 in Fire Magic
   772 | D:2      | Reached skill level 1 in Ice Magic
   772 | D:2      | Reached skill level 1 in Air Magic
   772 | D:2      | Reached skill level 1 in Earth Magic
   772 | D:2      | Reached skill level 1 in Poison Magic
   772 | D:2      | Reached skill level 1 in Invocations
   772 | D:2      | Reached skill level 1 in Evocations
   772 | D:2      | Reached XP level 3. HP: 20/31 MP: 5/9
   772 | D:2      | Reached XP level 4. HP: 25/38 MP: 6/11
   962 | D:2      | Gained mutation: You have sharp toenails. [potion of
                  | mutation]
   962 | D:2      | Gained mutation: You are resistant to electric shocks.
                  | (rElec) [potion of mutation]
   962 | D:2      | Gained mutation: Your body sometimes deteriorates upon
                  | taking damage. [potion of mutation]
   962 | D:2      | Gained mutation: You are somewhat resistant to further
                  | mutation. [potion of mutation]
  1047 | D:2      | Reached XP level 5. HP: 29/43 MP: 9/12
  1816 | D:3      | Found a transporter.
  1840 | D:3      | Found a transporter.
  1840 | D:3      | Noticed SpeedDemon's ghost (amateur BaBe)
  1847 | D:3      | Noticed an ogre
  2107 | D:3      | Found a radiant altar of Vehumet.
  2192 | D:3      | Found a shimmering altar of Xom.
  2192 | D:3      | Noticed an angel
  2201 | D:3      | Found a glowing silver altar of Zin.
  2237 | D:3      | Noticed a hippogriff
  2251 | D:3      | HP: 2/43 [hippogriff (5)]
  2319 | D:3      | Killed a hippogriff
  2319 | D:3      | Reached skill level 5 in Fighting
  2319 | D:3      | Reached skill level 5 in Maces & Flails
  2319 | D:3      | Reached skill level 5 in Dodging
  2319 | D:3      | Reached XP level 6. HP: 13/51 MP: 1/14
  2842 | D:4      | Reached XP level 7. HP: 56/56 MP: 15/15
  2928 | D:4      | Found Ynnueset's Food Boutique.
  3503 | D:4      | HP: 2/56 [howler monkey (7)]
  3503 | D:4      | Slain by a howler monkey

Skill      XL: |  1  2  3  4  5  6  7 |
---------------+----------------------+-----
Short Blades   | 1 2 |  2.6
Long Blades    | 1 2 |  2.6
Axes           | 1 2 |  2.6
Polearms       | 1 2 |  2.6
Staves         | 1 2 |  2.6
Slings         | 1 2 |  2.6
Bows           | 1 2 |  2.6
Crossbows      | 1 2 |  2.6
Stealth        | 1 2 |  2.6
Shields        | 1 2 |  2.6
Unarmed Combat | 1 2 |  2.6
Spellcasting   | 5 |  5.7
Conjurations   | 1 2 |  2.1
Hexes          | 1 2 |  2.1
Charms         | 1 2 |  2.1
Summonings     | 1 2 |  2.1
Necromancy     | 1 2 |  2.1
Transmutations | 1 2 |  2.1
Fire Magic     | 1 2 |  2.1
Ice Magic      | 1 2 |  2.1
Air Magic      | 1 2 |  2.1
Earth Magic    | 1 2 |  2.1
Poison Magic   | 1 2 |  2.1
Invocations    | 1 2 |  2.9
Evocations     | 1 2 |  2.6
Throwing       | 3 |  3.7
Armour         | 3 |  3.7
Fighting       | 5 |  5.3
Maces & Flails | 5 |  5.3
Dodging        | 5 |  5.3
Translocations | |  5.9

Action                   |  1- 3 |  4- 6 |  7- 9 || total
-------------------------+-------+-------+-------++-------
Melee: Mace              |    46 |    51 |    60 ||   157
       Bite              |     5 |     1 |     4 ||    10
       Kick              |       |    15 |    15 ||    30
       Punch             |       |       |     1 ||     1
 Fire: Hunting sling     |       |    92 |    46 ||   138
Throw: Tomahawk          |     8 |       |       ||     8
 Cast: Blink             |     1 |     8 |     4 ||    13
       Shroud of Golubri |       |     2 |     4 ||     6
  Use: Scroll            |     2 |     8 |       ||    10
       Potion            |       |     1 |     1 ||     2
 Stab: Sleeping          |       |     1 |       ||     1
  Eat: Chunk             |       |     6 |     2 ||     8
Armor: Leather armour    |    13 |    16 |    13 ||    42
Dodge: Dodged            |    43 |    67 |    50 ||   160
